 Dungeon Crawl Stone Soup version 0.30-a0-1160-g6e42c06551 (webtiles) character file.

Game seed: 4710549463978365063

46 AleXD21137 the Grave Robber (level 3, -1/26 HPs)
             Began as a Minotaur Necromancer on Apr 25, 2023.
             Slain by Sigmund
             ... wielding a +0 scythe
              (11 damage)
             ... on level 2 of the Dungeon on Apr 26, 2023.
             The game lasted 00:06:14 (1069 turns).

AleXD21137 the Grave Robber (Minotaur Necromancer)  Turns: 1069, Time: 00:06:15

Health: -1/26      AC:  2    Str: 12    XL:     3   Next: 46%
Magic:  3/4        EV: 12    Int: 12    God:
Gold:   51         SH:  0    Dex: 12    Spells: 3/4 levels left

rFire   . . .        c - +3 executioner's axe (elec)
rCold   . . .        (shield currently unavailable)
rNeg    . . .        a - +0 robe
rPois   .            (helmet restricted)
rElec   .            (no cloak)
rCorr   .            (no gloves)
SInv    .            (no boots)
Will    .....        (no amulet)
Stlth   ++           (no ring)
HPRegen 0.24/turn    (no ring)
MPRegen 0.09/turn

%: no passive effects
@: no status effects
A: horns 2, retaliatory headbutt
a: no special abilities


You were on level 2 of the Dungeon.
You visited 1 branch of the dungeon, and saw 2 of its levels.

You collected 51 gold pieces.

Inventory:

Hand Weapons
 c - a +3 executioner's axe of electrocution (weapon)
Armour
 a - a +0 robe (worn)
Scrolls
 f - a scroll of blinking
 g - a scroll of identify
 h - a scroll of immolation {unknown}
 i - a scroll of magic mapping {unknown}
Potions
 b - a potion of magic
 e - 2 potions of degeneration {unknown}


   Skills:
 + Level 0.2 Fighting
 + Level 1.4 Axes
 + Level 2.6 Dodging
 + Level 1.8 Stealth
 + Level 1.4 Spellcasting
 + Level 3.4 Necromancy


You had 3 spell levels left.
You knew the following spells:

 Your Spells              Type           Power      Damage    Failure   Level
a - Necrotise             Necr           36%        1d5       7%          1

Your spell library contained the following spells:

 Spells                   Type           Power      Damage    Failure   Level
 Vampiric Draining        Necr           9%         2d6       21%         3
 Animate Dead             Necr           9%         N/A       56%         4
 Agony                    Necr           9%         N/A       88%         5


Dungeon Overview and Level Annotations

Branches:
Dungeon (2/15)

Altars:

Annotations:
D:2 Sigmund


Innate Abilities, Weirdness & Mutations

You have a pair of horns on your head.
You reflexively headbutt those who attack you in melee.


Message History

Found a pair of gloves.
You see here a +0 pair of gloves.
A kobold comes into view. It is wielding a +0 club.
The kobold throws a stone.
The stone closely misses you.
The kobold throws a stone.
The stone misses you. The kobold misses you. You furiously retaliate!
You headbutt the kobold.
You kill the kobold!
Things that are here:
a +0 club; 2 stones; a kobold corpse You now have 51 gold pieces (gained 7).
A hobgoblin comes into view.
The hobgoblin closely misses you.
You slash the hobgoblin!
You kill the hobgoblin!
Sigmund the Dreaded comes into view.
He is wielding a +0 scythe.
Sigmund gestures at you while chanting. The puff of flame hits you!
Sigmund smiles chillingly.
Sigmund hits you with a +0 scythe!
* * * LOW HITPOINT WARNING * * *
Sigmund points at you and mumbles some strange words.
The magic dart hits you.
* * * LOW HITPOINT WARNING * * *
You barely miss Sigmund. Your headbutt misses Sigmund. Sigmund misses you.
Blink to where?
Press: ? - help, Dir - move target
Okay, then.
It was a potion of heal wounds.
You feel much better. Sigmund hits you with a +0 scythe.
Unknown command.
Sigmund hits you with a +0 scythe.
Casting: Necrotise (safe; 7% risk of failure)
Confirm with . or Enter, or press ? or * to list all spells.
Aiming: Necrotise (safe; 7% risk of failure)
Press: ? - help, Shift-Dir - straight line, f - Sigmund
Aim: Sigmund, wielding a +0 scythe and wearing a +0 robe (chance to affect: 69%) Sigmund writhes in agony.
Sigmund hits you with a +0 scythe. Sigmund hits you with a +0 scythe.
Sigmund hits you with a +0 scythe!
You die...

#.#####.#..# ...#
#.......#..# ...#
#.#####.#..# ..#
#.#.. #.#..# ..#
#.#.# #.#..# #.#
#.#.# #.#..# #.#
#.#.# ..#..#
#@####.#.#####..#
#.@##...........#
##..............#
#.##############
#.# #.# #.# #.#
..# ..#


You could see Sigmund.

Vanquished Creatures
  A ball python (D:1)
  8 endoplasms
  2 giant cockroaches
  3 hobgoblins
  3 jackals (D:2)
  3 quokkas
  3 bats (D:1)
  3 frilled lizards (D:1)
  4 goblins
  6 kobolds
  7 rats (D:1)
43 creatures vanquished.

Notes
Turn   | Place    | Note
-------+----------+-------------------------------------------
     0 | D:1      | AleXD21137 the Minotaur Necromancer began the quest for the
                  | Orb.
     0 | D:1      | Reached XP level 1. HP: 14/14 MP: 1/1
   130 | D:1      | Reached skill level 3 in Necromancy
   158 | D:1      | Identified a scroll of acquirement
   158 | D:1      | Acquired a +3 executioner's axe of electrocution
   232 | D:1      | Reached XP level 2. HP: 17/20 MP: 3/3
   530 | D:1      | Reached XP level 3. HP: 25/26 MP: 4/4
   746 | D:2      | Reached skill level 1 in Axes
  1057 | D:2      | Noticed Sigmund
  1069 | D:2      | Slain by Sigmund

Illustrated notes

Levels and vault maps discovered:
D:1:      ncdulo_halloftheorcs, layout_rooms, minmay_3d_cube
D:2:      layout_basic, serial_shops, shop, columned_hall_lemuel,
          roderic_lattice_a, minivault_14, chequers_serial_rivers_room_a,
          uniq_sigmund

Skill      XL: |  1  2  3 |
---------------+----------+-----
Necromancy     | 3 |  3.4
Axes           | 1 |  1.4
Fighting       | |  0.2
Dodging        | |  2.6
Stealth        | |  1.8
Spellcasting   | |  1.4

Action                     || total
---------------------------++-------
  Melee: Unarmed           ||    16
         Executioner's axe ||    42
         Headbutt          ||     7
         Punch             ||     1
   Cast: Necrotise         ||     1
    Use: Scroll            ||     3
         Potion            ||     1
   Stab: Sleeping          ||     4
 Armour: Robe              ||    15
  Dodge: Dodged            ||    65

Table legend: (Time is in decaauts)
 A = Elapsed time spent in this place.
 B = Non-inter-level travel time spent in this place.
 C = Inter-level travel time spent in this place.
 D = Time resting spent in this place.
 E = Time spent auto-exploring this place.
 F = Levels seen in this place.
 G = Mean time per level.
                   A        B        C        D        E       F      G
               +--------+--------+--------+--------+--------+-----+--------+
         Total |   1105 |   1093 |     12 |      0 |    487 |   2 |  552.5 |
       Dungeon |   1105 |   1093 |     12 |      0 |    487 |   2 |  552.5 |
               +--------+--------+--------+--------+--------+-----+--------+

Top non-repeatable levels by time:
     D:1: 763 daAuts
     D:2: 341 daAuts
